 Dungeon Crawl Stone Soup version 0.29.1-2-gbd0b4ee654 (webtiles) character file.

Game seed: 5839034271731805031

26565 boopmooplesden the Severer (level 12, -1/169 HPs)
             Began as a Minotaur Berserker on Nov 16, 2022.
             Was a High Priest of Trog.
             Slain by a death yak (19 damage)
             ... on level 3 of the Lair of Beasts.
             The game lasted 00:16:54 (15688 turns).

boopmooplesden the Severer (Minotaur Berserker)    Turns: 15688, Time: 00:16:55

Health: -1/169     AC: 23    Str: 23    XL:     12   Next: 99%
Magic:  11/11      EV:  9    Int:  4    God:    Trog [*****.]
Gold:   1099       SH:  0    Dex: 14    Spells: 11/11 levels left

rFire   x . .      SeeInvis .   H - +2 executioner's axe (vorpal)
rCold   + . .      Faith    .   (shield currently unavailable)
rNeg    . . .      Spirit   .   x - +4 plate armour {Will+}
rPois   .          Reflect  .   (helmet restricted)
rElec   .          Harm     .   (no cloak)
rCorr   .          Rampage  .   (no gloves)
Will    +....                   r - +2 pair of boots
Stlth   ..........              (no amulet)
HPRegen 0.38/turn               f - ring of ice
MPRegen 0.12/turn               (no ring)

@: berserking, very quick
A: horns 2, retaliatory headbutt
a: Renounce Religion, Berserk, Trog's Hand, Brothers in Arms


You were on level 3 of the Lair of Beasts.
You worshipped Trog.
Trog was extremely pleased with you.
You visited 2 branches of the dungeon, and saw 13 of its levels.

You collected 1099 gold pieces.

Inventory:

Hand Weapons
 a - a +0 hand axe
 k - a +3 battleaxe
 l - a +3 hand axe
 u - a +0 broad axe of electrocution
 D - the +9 spear of Internal Strife {venom, rPois rF- rCorr Int+9}
   (You found it on level 8 of the Dungeon)

   It poisons the flesh of those it strikes.
   Int:       It affects your intelligence (+9).
   rF:        It makes you vulnerable to fire.
   rPois:     It protects you from poison.
   rCorr:     It protects you from acid and corrosion.
 E - the +6 falchion "Saacic" {drain, rF+ Will+ Dex+4}
   (You found it on level 10 of the Dungeon)

   A truly terrible weapon, it drains the life of any living foe it strikes.
   Dex:       It affects your dexterity (+4).
   rF:        It protects you from fire.
   Will:      It increases your willpower.
 H - a +2 vorpal executioner's axe (weapon)
Missiles
 y - 2 throwing nets (quivered)
Armour
 r - a +2 pair of boots (worn)
 x - a +4 plate armour of willpower (worn)
 B - the +1 leather armour of Modesty {rF- Regen+ Int+3}
   (You found it on level 8 of the Dungeon)

   Int:       It affects your intelligence (+3).
   rF:        It makes you vulnerable to fire.
   Regen:     It increases your rate of health regeneration.
 C - the +0 robe of the Bagpipe {rF+ rC++ Str-4}
   (You found it on level 8 of the Dungeon)

   Str:       It affects your strength (-4).
   rF:        It protects you from fire.
   rC:        It greatly protects you from cold.
Jewellery
 f - a ring of ice (left hand)
Wands
 o - a wand of mindburst (30)
 p - a wand of flame (1)
 t - a wand of iceblast (11)
 G - a wand of charming (2)
 I - a wand of digging (4)
Scrolls
 c - 2 scrolls of fear
 d - 3 scrolls of magic mapping
 m - 3 scrolls of teleportation
 F - a scroll of identify
Potions
 b - a potion of haste
 e - 7 potions of flight
 g - 3 potions of brilliance
 h - 2 potions of mutation
 i - 2 potions of berserk rage
 j - 5 potions of might
 n - 6 potions of curing
 q - 3 potions of attraction
 s - a potion of lignification
 v - 2 potions of cancellation
 w - 2 potions of invisibility
 z - 4 potions of heal wounds
Miscellaneous
 A - a lightning rod (4/4)


   Skills:
 + Level 12.9 Fighting
 + Level 17.6(18.0) Axes
 + Level 6.9(13.3) Polearms
 + Level 12.2 Armour
 + Level 5.8 Dodging
 + Level 2.6 Stealth


You had 11 spell levels left.
You didn't know any spells.
Your spell library was empty.

Dungeon Overview and Level Annotations

Branches:
Dungeon (10/15)            Temple (0/1) D:7            Lair (3/5) D:9
  Swamp (0/4) Lair:3        Snake (0/4) Lair:3          Orc (0/2) D:10

Altars:
Ashenzari
Elyvilon
Fedhas
Hepliaklqana
Makhleb
Nemelex Xobeh
Okawaru
Ru
Uskayaw
Vehumet
Xom
Zin

Shops:
D:9 *   D:10 ([


Innate Abilities, Weirdness & Mutations

You have a pair of horns on your head.
You reflexively headbutt those who attack you in melee.


Message History

You kill the bullfrog!
Trog accepts your kill.
A death yak comes into view.
A red film seems to cover your vision as you go berserk!
You feel yourself moving faster!
You feel mighty!
The death yak bellows!
You slash the death yak!
The death yak is moderately wounded.
You hit the death yak. The death yak completely misses you.
You furiously retaliate!
You headbutt the death yak!
The death yak gores you but does no damage.
You slice the death yak!!
The death yak is heavily wounded.
You barely miss the death yak. The death yak gores you!!
The death yak gores you!
* * * LOW HITPOINT WARNING * * *
You slice the death yak!!
You feel the power of Trog in you as your rage grows.
You kill the death yak!
Trog accepts your kill.
You slash the death yak! The death yak gores you!!
* * * LOW HITPOINT WARNING * * *
The death yak gores you but does no damage.
You see here a death yak corpse.
You hit the death yak.
The death yak is lightly wounded.
You slice the death yak!! The death yak gores you!
* * * LOW HITPOINT WARNING * * *
The death yak gores you but does no damage.
You slice the death yak!!
You kill the death yak!
Trog accepts your kill.
You slice the death yak!! You hit the death yak.
You carve the death yak like a ham!!!
The death yak is almost dead.
You barely miss the death yak.
The death yak gores you but does no damage.
The death yak gores you!!
You die...

..............#
..............#
...............#
...........}....##
...................
................$...
...............YY......
...............@...>.#
.....................#
..................(..## .
...............)......###..
.......................>..^#
..................†........#
.......†..............##P..#
.................†.†.## #..##
.....................####...#


You could see 2 death yaks.

Vanquished Creatures
  Fannar (Lair:1)
  2 hydras
  Erolcha (D:10)
  A two-headed ogre (D:8)
  A tengu warrior (D:8)
  2 death yaks (Lair:3)
  A swamp dragon (Lair:3)
  Pikel (D:6)
  An ugly thing (D:8)
  An orc knight (D:10)
  3 cyclopes (D:8)
  2 black mambas
  7 cane toads
  14 komodo dragons
  2 rime drakes
  A troll (D:9)
  12 blink frogs
  4 dream sheep (Lair:3)
  Sigmund (D:4)
  A wyvern (D:10)
  6 basilisks
  12 yaks
  8 water moccasins
  An acid dragon (D:10)
  Duvessa (D:4)
  7 orc warriors
  2 ice beasts (D:7)
  A black bear (D:6)
  A sky beast (D:6)
  A phantom (D:6)
  A kobold brigand (D:9)
  7 bullfrogs
  2 gnoll sergeants
  A necrophage (D:5)
  5 scorpions
  Dowan (D:4)
  18 wights
  10 killer bees
  A howler monkey (D:9)
  3 electric eels
  A crimson imp (D:3)
  2 jellies
  6 orc priests
  2 gnoll boudas
  3 hounds (D:6)
  18 iguanas
  Natasha (thrice) (D:4)
  13 orc wizards
  16 gnolls
  6 adders
  A shadow imp (D:8)
  2 white imps
  3 worms
  4 dart slugs
  49 orcs
  5 bats
  7 endoplasms
  4 giant cockroaches (D:2)
  3 goblins
  2 hobgoblins
  7 jackals
  7 kobolds
  5 quokkas
  8 ball pythons
  15 frilled lizards
  4 rats
344 creatures vanquished.

Vanquished Creatures (others)
  An iguana (Lair:1)
  12 fungi
  50 plants
63 creatures vanquished.

Grand Total: 407 creatures vanquished

Notes
Turn   | Place    | Note
-------+----------+-------------------------------------------
     0 | D:1      | boopmooplesden the Minotaur Berserker began the quest for
                  | the Orb.
     0 | D:1      | Reached XP level 1. HP: 19/19 MP: 0/0
   103 | D:1      | Found a faded altar of an unknown god.
   394 | D:1      | Reached skill level 4 in Axes
   394 | D:1      | Reached XP level 2. HP: 23/27 MP: 1/1
  1121 | D:2      | Reached XP level 3. HP: 18/33 MP: 2/2
  1439 | D:2      | Reached ** piety under Trog
  1660 | D:2      | Found a shimmering altar of Xom.
  1860 | D:3      | Reached XP level 4. HP: 17/40 MP: 3/3
  2096 | D:3      | Reached skill level 5 in Axes
  2487 | D:3      | Reached XP level 5. HP: 18/47 MP: 4/4
  2799 | D:3      | Found a burning altar of Makhleb.
  2799 | D:3      | Found a radiant altar of Vehumet.
  2967 | D:4      | Noticed Duvessa
  2967 | D:4      | Noticed Dowan
  2972 | D:4      | Killed Dowan
  2973 | D:4      | Reached skill level 6 in Axes
  2973 | D:4      | Killed Duvessa
  2974 | D:4      | Reached skill level 5 in Fighting
  2974 | D:4      | Reached XP level 6. HP: 56/56 MP: 5/5
  3098 | D:4      | Noticed Sigmund
  3122 | D:4      | Killed Sigmund
  3123 | D:4      | Reached skill level 7 in Axes
  3123 | D:4      | Reached skill level 1 in Stealth
  3123 | D:4      | Reached XP level 7. HP: 61/61 MP: 6/6
  3452 | D:4      | Noticed Natasha
  3473 | D:4      | Killed Natasha
  3586 | D:4      | Noticed Natasha
  3591 | D:4      | Killed Natasha
  3591 | D:4      | Reached *** piety under Trog
  4135 | D:4      | Noticed Natasha
  4143 | D:4      | Killed Natasha
  4172 | D:5      | Entered Level 5 of the Dungeon
  4314 | D:5      | Reached skill level 8 in Axes
  4817 | D:6      | Reached XP level 8. HP: 67/71 MP: 7/7
  5065 | D:6      | Found a broken altar of Ashenzari.
  5065 | D:6      | Found an iron altar of Okawaru.
  5065 | D:6      | Found a glowing silver altar of Zin.
  5065 | D:6      | Found a sparkling altar of Nemelex Xobeh.
  5066 | D:6      | Found a hide-covered altar of Uskayaw.
  5066 | D:6      | Found a blossoming altar of Fedhas.
  5068 | D:6      | Found a sacrificial altar of Ru.
  5068 | D:6      | Found a white marble altar of Elyvilon.
  5068 | D:6      | Found a hazy altar of Hepliaklqana.
  5076 | D:6      | Reached skill level 9 in Axes
  5315 | D:6      | Noticed Pikel
  5326 | D:6      | Killed Pikel
  5327 | D:6      | Reached skill level 5 in Armour
  5327 | D:6      | Reached skill level 5 in Dodging
  5329 | D:6      | Reached skill level 10 in Axes
  5331 | D:6      | Reached **** piety under Trog
  5339 | D:6      | Reached XP level 9. HP: 79/79 MP: 8/8
  5747 | D:7      | Reached skill level 11 in Axes
  6136 | D:7      | Found a staircase to the Ecumenical Temple.
  6221 | D:8      | Noticed a two-headed ogre
  6230 | D:8      | Killed a two-headed ogre
  6231 | D:8      | Reached skill level 12 in Axes
  6241 | D:8      | Reached XP level 10. HP: 46/90 MP: 9/9
  6459 | D:8      | Reached skill level 13 in Axes
  7187 | D:8      | Noticed a cyclops
  7189 | D:8      | Noticed a tengu warrior
  7189 | D:8      | Noticed a white ugly thing
  7190 | D:8      | Noticed a cyclops
  7190 | D:8      | Noticed a cyclops
  7204 | D:8      | Killed a tengu warrior
  7205 | D:8      | Reached skill level 14 in Axes
  7209 | D:8      | Killed a cyclops
  7212 | D:8      | Killed a cyclops
  8235 | D:8      | Killed a cyclops
  8244 | D:8      | Killed a white ugly thing
  8419 | D:8      | Identified the +0 robe of the Bagpipe {rF+ rC++ Str-4}
  8421 | D:8      | Identified the +1 leather armour of Modesty {rF- Regen+
                  | Int+3}
  8433 | D:8      | Identified the +9 spear of Internal Strife {venom, rPois
                  | rF- rCorr Int+9}
  8595 | D:9      | Reached XP level 11. HP: 99/99 MP: 10/10
  8789 | D:9      | Found Fuxkukin's Assorted Antiques.
  8896 | D:9      | Found a staircase to the Lair.
  8915 | D:9      | Reached skill level 15 in Axes
  9039 | D:9      | Reached ***** piety under Trog
  9524 | D:9      | Reached skill level 10 in Fighting
  9826 | D:10     | Entered Level 10 of the Dungeon
  9856 | D:10     | Identified the +6 falchion "Saacic" {drain, rF+ Will+
                  | Dex+4}
 10082 | D:10     | Found Xypumym's Armour Shop.
 10087 | D:10     | Found a staircase to the Orcish Mines.
 10087 | D:10     | Noticed an orc knight
 10091 | D:10     | Found Fyibeo's Weapon Shop.
 10102 | D:10     | Killed an orc knight
 10370 | D:10     | Noticed Erolcha
 10376 | D:10     | Killed Erolcha
 10720 | Lair:1   | Entered Level 1 of the Lair of Beasts
 11030 | Lair:1   | Noticed a five-headed hydra
 11057 | Lair:1   | Killed a five-headed hydra
 11058 | Lair:1   | Reached skill level 16 in Axes
 11061 | Lair:1   | Reached skill level 10 in Armour
 11412 | Lair:1   | Noticed Fannar
 11440 | Lair:1   | Killed Fannar
 11441 | Lair:1   | Reached skill level 1 in Polearms
 12377 | Lair:1   | Reached XP level 12. HP: 110/110 MP: 11/11
 12906 | Lair:1   | Reached skill level 5 in Polearms
 12932 | Lair:1   | Received a gift from Trog
 14350 | Lair:2   | Noticed a five-headed hydra
 14359 | Lair:2   | Killed a ten-headed hydra
 15590 | Lair:3   | Reached skill level 17 in Axes
 15592 | Lair:3   | Found a staircase to the Snake Pit.
 15648 | Lair:3   | Found a staircase to the Swamp.
 15675 | Lair:3   | Noticed a death yak
 15675 | Lair:3   | Noticed a death yak
 15676 | Lair:3   | Noticed a death yak
 15680 | Lair:3   | Noticed a death yak
 15684 | Lair:3   | Killed a death yak
 15687 | Lair:3   | Killed a death yak
 15688 | Lair:3   | Slain by a death yak

Illustrated notes

Levels and vault maps discovered:
D:1:      minmay_arrival_jagged, layout_basic, dreamdust_ecumenical_altar_grove
D:2:      layout_basic, basic_altar
D:3:      layout_rooms, grunt_temple_overflow_lords_of_destruction
D:4:      layout_rooms, hangedman_abyss_or_decor_stabs, uniq_duvessa,
          uniq_sigmund, uniq_natasha
D:5:      layout_rooms
D:6:      layout_rooms, nicolae_overflows_in_rows, uniq_pikel
D:7:      layout_gridville, temple_doors_e
D:8:      layout_basic, minmay_the_grid_2x2 [minmay_the_grid_stretched_grid,
          minmay_the_grid_aliased_spiral, minmay_the_grid_mess,
          minmay_the_grid_prize_trominoes]
D:9:      layout_stronghold, david_lair_shrubbed, serial_shops, kennysheep_mini
D:10:     layout_basic, orc_david_3, nicolae_concentric_dashed_squares_wild,
          uniq_erolcha
Lair:1:   lemuel_reptile_caves, layout_regular_city, infiniplex_staircase_pool,
          uniq_fannar
Lair:2:   beast_lair_carwin_large_2, layout_misc_corridors, serial_bayou,
          serial_bayou_pond_e, serial_bayou_shore_b, serial_bayou_shore_a,
          serial_bayou_pond_e, serial_bayou_lake_a,
          chequers_serial_rivers_micro_a
Lair:3:   layout_small_grid, minmay_swamp_entry_reptiles, dummy_snake_entry,
          bh_autumn_forest_stairs

Skill      XL: |  1  2  3  4  5  6  7  8  9 10 11 12 |
---------------+-------------------------------------+-----
Axes           | 4 5 6 7 8 10 12 14 16 17 | 17.6
Fighting       | 4 5 6 7 8 9 11 12 | 12.9
Armour         | 3 5 7 8 10 12 | 12.2
Dodging        | 3 4 5 |  5.8
Stealth        | 1 2 |  2.6
Polearms       | 2 6 |  6.9

Action                   |  1- 3 |  4- 6 |  7- 9 | 10-12 || total
-------------------------+-------+-------+-------+-------++-------
Melee: Hand axe          |    65 |    54 |   171 |       ||   290
       Headbutt          |     8 |    10 |    35 |   137 ||   190
       Punch             |       |       |     2 |     1 ||     3
       Battleaxe         |       |       |    36 |   270 ||   306
       Spear             |       |       |       |   206 ||   206
       Executioner's axe |       |       |       |   111 ||   111
Invok: Berserk           |     1 |     3 |     6 |    10 ||    20
  Use: Scroll            |     6 |     4 |     5 |    11 ||    26
 Stab: Sleeping          |       |       |     1 |       ||     1
Armor: Animal skin       |    19 |     7 |     5 |       ||    31
       Ring mail         |       |       |    45 |       ||    45
       Plate armour      |       |       |    43 |   336 ||   379
Dodge: Dodged            |    60 |    27 |   100 |   202 ||   389
